[Event "Titled Tuesday Blitz November 15 Early 2022"]
[White "Gutkin, Ilya"]
[Black "Salman, Pavel"]
[WhiteFideId "16203470"]
[BlackFideId "24153753"]
[WhiteElo "2265"]
[BlackElo "2187"]
[Result "1/2-1/2"]
[Round "05"]
[TimeControl "180+1"]
[Date "2022.11.16"]
[WhiteClock "0:00:12"]
[BlackClock "0:00:32"]

1. Nf3 c5 2. b3 Nc6 3. Bb2 Nf6 4. d4 cxd4 5. Nxd4 Nxd4 6. Qxd4 b6 7. c4 Bb7 8. Nc3 e6 9. e3 Bc5 10. Qd2 Qe7 11. Bd3 O-O 12. O-O d5 13. cxd5 Nxd5 14. Be4 Rfd8 15. Nxd5 Bxd5 16. Bxd5 Rxd5 17. Qe2 Rad8 18. Rfd1 Ba3 19. Rxd5 Rxd5 20. Rc1 h5 21. e4 Bxb2 22. Qxb2 Rc5 23. g3 h4 24. Rxc5 Qxc5 25. Kg2 Qh5 26. h3 hxg3 27. fxg3 a5 28. Qd4 Qe2+ 29. Kg1 Qe1+ 30. Kg2 f6 31. Qxb6 Qxe4+ 32. Kf2 Qc2+ 33. Kf3 Qc3+ 34. Kf2 e5 35. Qe3 Qc2+ 36. Qe2 Qf5+ 37. Kg2 e4 38. h4 Qd5 39. Qc4 Qxc4 40. bxc4 Kf7 41. g4 Ke6 42. Kf2 a4 43. Ke3 Ke5 44. a3 g6 45. c5 Kd5 46. c6 Kxc6 47. Kxe4 Kd6 48. Kf4 Ke6 49. h5 Kf7 50. hxg6+ Kxg6 51. Kf3 Kg5 52. Kg3 Kh6 53. Kf4 Kg6 54. Kf3 Kf7 55. Kf4 Ke6 56. Ke4 Ke7 57. Kf5 Kf7 58. g5 fxg5 59. Kxg5 Ke6 60. Kf4 Kd5 61. Ke3 Kc4 62. Kd2 Kb3 63. Kc1 Ka2 64. Kc2 Kxa3 65. Kb1 Kb3 66. Ka1 a3 67. Kb1 a2+ 68. Ka1 Ka3 1/2-1/2


[Site "https://www.chess.com"]

[Event "Titled Tuesday Blitz November 15 Early 2022"]
[White "Hajiyev, Kanan"]
[Black "Fernandez De La Vara, Arnaldo"]
[WhiteFideId "13404148"]
[BlackFideId "3518388"]
[WhiteElo "2118"]
[BlackElo "2387"]
[Result "0-1"]
[Round "05"]
[TimeControl "180+1"]
[Date "2022.11.16"]
[WhiteClock "0:00:04"]
[BlackClock "0:00:03"]

1. d4 c5 2. e3 Nf6 3. Nf3 d5 4. Be2 Nc6 5. O-O Bg4 6. Ne5 Bxe2 7. Qxe2 e6 8. Nxc6 bxc6 9. dxc5 Bxc5 10. c4 O-O 11. Nc3 Qa5 12. a3 Rab8 13. cxd5 cxd5 14. Qc2 Rfc8 15. Bd2 Qb6 16. Na4 Qb5 17. Nxc5 Rxc5 18. Bc3 Ne4 19. a4 Qa6 20. h3 h6 21. Rfc1 Rc4 22. f3 Nc5 23. a5 Nb3 24. Qe2 f6 25. Qf2 e5 26. Rd1 Nxa1 27. Rxa1 Rd8 28. Rd1 Qb5 29. Qe2 a6 30. f4 exf4 31. exf4 d4 32. Qe6+ Kh8 33. Be1 d3 34. Kh2 Rcd4 35. Bh4 R4d6 36. Qe7 Qd7 37. Qe4 d2 38. Bg3 Qc6 39. Qe2 Re8 40. Qf2 Qc2 41. Qf3 Qe4 42. Qf2 Qe2 43. Qg1 Rd3 44. Qh1 Ree3 45. Qg1 Rxg3 46. Kh1 Rxg2 47. Qxg2 Qxd1+ 48. Kh2 Qf3 49. Qg6 Qxf4+ 50. Kg2 Rg3+ 51. Kh1 Rxg6 52. b4 d1=Q# 0-1


[Site "https://www.chess.com"]

[Event "Titled Tuesday Blitz November 15 Early 2022"]
[White "Hambleton, Aman"]
[Black "Donskov, Anatoly"]
[WhiteFideId "2606577"]
[BlackFideId "24143413"]
[WhiteElo "2538"]
[BlackElo "2219"]
[Result "1-0"]
[Round "05"]
[TimeControl "180+1"]
[Date "2022.11.16"]
[WhiteClock "0:00:03"]
[BlackClock "0:00:01"]

1. d4 d5 2. Bf4 Nf6 3. e3 c5 4. c3 e6 5. Nd2 Bd6 6. Ngf3 Nc6 7. Bg3 O-O 8. Bd3 Re8 9. Ne5 Qc7 10. f4 b6 11. O-O Bb7 12. Bh4 Be7 13. Rf3 Nxe5 14. fxe5 Ne4 15. Bxe7 Qxe7 16. Rf4 f5 17. exf6 Nxf6 18. Nf3 Nd7 19. Rh4 h6 20. Bb5 Rad8 21. Bxd7 Rxd7 22. Qe1 Rdd8 23. Rf4 Rf8 24. Qg3 Rxf4 25. Qxf4 Rf8 26. Qg3 Qf6 27. h3 Ba6 28. Ne5 Kh7 29. Nd7 Qf7 30. Nxf8+ Qxf8 31. Rd1 Qf5 32. Kh2 Qc2 33. Qe1 Qxb2 34. e4 Qc2 35. exd5 exd5 36. dxc5 bxc5 37. Rxd5 Bb7 38. Rd2 Qg6 39. Re2 Bd5 40. Qg3 Qf6 41. Rd2 Bc4 42. Rd6 Qf5 43. Rc6 a5 44. a3 Bd3 45. Rc7 1-0


[Site "https://www.chess.com"]

[Event "Titled Tuesday Blitz November 15 Early 2022"]
[White "Harsha Bharathakoti"]
[Black "Tanenbaum, Zachary"]
[WhiteFideId "5078776"]
[BlackFideId "2060850"]
[WhiteElo "2523"]
[BlackElo "2175"]
[Result "1-0"]
[Round "05"]
[TimeControl "180+1"]
[Date "2022.11.15"]
[WhiteClock "0:00:07"]
[BlackClock "0:00:04"]

1. e4 e5 2. Nc3 Nc6 3. Bc4 Nf6 4. d3 Na5 5. Bb3 Nxb3 6. axb3 d5 7. exd5 Nxd5 8. Nge2 Nxc3 9. Nxc3 Bd6 10. O-O O-O 11. f4 exf4 12. Bxf4 Bxf4 13. Rxf4 Bd7 14. Qh5 Bc6 15. Raf1 f6 16. Rh4 h6 17. Rg4 Qd7 18. Rg3 Kh8 19. Ne2 Qf7 20. Qh4 Be8 21. Nd4 Bd7 22. Ne2 Rae8 23. Nf4 Bf5 24. Nh5 Bg6 25. Nf4 Bh7 26. Nh5 Bg6 27. Nf4 Bh7 28. Qg4 Re5 29. Qf3 c6 30. h4 Rfe8 31. Kh2 Qc7 32. Qg4 Bf5 33. Qf3 Re3 34. Qf2 Rxg3 35. Qxg3 Qe5 36. Nh5 Qxg3+ 37. Nxg3 Bg6 38. Ra1 a6 39. Kg1 Re5 40. Ra4 Kg8 41. Rd4 Kf7 42. Kf2 Ke7 43. b4 Re6 44. Ne2 Rd6 45. Rg4 Kf7 46. Nc3 Bf5 47. Rf4 Ke6 48. Na4 g5 49. hxg5 fxg5 50. Nc5+ Ke5 51. Rf3 Bc8 52. Rf8 Rf6+ 53. Rxf6 Kxf6 54. Ke3 h5 55. Ne4+ Kg6 56. Nd6 Be6 57. Nxb7 h4 58. Nc5 Bd5 59. Kf2 g4 60. Nxa6 Kg5 61. c4 Be6 62. Nc5 Bf5 63. b5 cxb5 64. cxb5 Kf4 65. b6 Bc8 66. b7 Bxb7 67. Nxb7 Ke5 68. Ke3 Kd5 69. Nd8 Kd6 70. Nf7+ Kd5 71. Ng5 Ke5 72. Ne4 Kf5 73. b4 Ke5 74. Nf2 g3 75. Nh3 Kf5 76. b5 Ke5 77. Kf3 Kd5 78. Kg4 1-0


[Site "https://www.chess.com"]

[Event "Titled Tuesday Blitz November 15 Early 2022"]
[White "Harshavardhan G B"]
[Black "Taboas Rodriguez, Daniel"]
[WhiteFideId "25059009"]
[BlackFideId "2208466"]
[WhiteElo "2333"]
[BlackElo "2329"]
[Result "1-0"]
[Round "05"]
[TimeControl "180+1"]
[Date "2022.11.16"]
[WhiteClock "0:01:32"]
[BlackClock "0:00:59"]

1. d4 Nf6 2. c4 g6 3. Nc3 Bg7 4. e4 d6 5. Nf3 O-O 6. Be2 e5 7. d5 Nbd7 8. Nd2 a5 9. g4 Nc5 10. h4 c6 11. g5 Ne8 12. Nb3 Nxb3 13. Qxb3 f5 14. gxf6 Nxf6 15. Be3 Ng4 16. O-O-O Nxf2 17. Bxf2 Rxf2 18. dxc6 bxc6 19. c5+ d5 20. exd5 cxd5 21. Rxd5 Bh6+ 22. Kb1 Bf5+ 23. Ka1 Qe7 24. Rd8+ Kg7 25. Qg8+ Kf6 26. Nd5# 1-0


[Site "https://www.chess.com"]

[Event "Titled Tuesday Blitz November 15 Early 2022"]
[White "Hirneise, Jens"]
[Black "Kobo, Ori"]
[WhiteFideId "24614734"]
[BlackFideId "2812320"]
[WhiteElo "2344"]
[BlackElo "2447"]
[Result "0-1"]
[Round "05"]
[TimeControl "180+1"]
[Date "2022.11.16"]
[WhiteClock "0:00:09"]
[BlackClock "0:00:41"]

1. Nf3 d5 2. g3 c5 3. c4 d4 4. b4 Nc6 5. bxc5 e5 6. d3 Bxc5 7. Bg2 Nf6 8. O-O h6 9. Ba3 Qe7 10. Bxc5 Qxc5 11. Nbd2 O-O 12. Nb3 Qd6 13. Nfd2 Bf5 14. c5 Qc7 15. Nc4 Rad8 16. Rc1 Nd5 17. Nd6 Nc3 18. Rxc3 dxc3 19. Nxf5 Nd4 20. Nfxd4 exd4 21. e3 dxe3 22. fxe3 Qe5 23. Re1 a5 24. d4 Qe7 25. Qc2 a4 26. Nc1 Rxd4 27. Qxc3 Rd7 28. Ne2 Rfd8 29. Nd4 Qe5 30. Qb4 Re7 31. Nf3 Qc7 32. Rc1 Rxe3 33. Qxa4 Qe7 34. Qb5 Re2 35. Qb3 Re3 36. Qb2 Rxf3 37. Kh1 Re3 38. Qxb7 Re1+ 0-1


[Site "https://www.chess.com"]

[Event "Titled Tuesday Blitz November 15 Early 2022"]
[White "Hoffmann, Asa"]
[Black "Manelyuk, Daniil"]
[WhiteFideId "2001470"]
[BlackFideId "44173920"]
[WhiteElo "2117"]
[BlackElo "2209"]
[Result "0-1"]
[Round "05"]
[TimeControl "180+1"]
[Date "2022.11.16"]
[WhiteClock "0:00:03"]
[BlackClock "0:00:01"]

1. d4 Nf6 2. Bg5 c5 3. d5 b5 4. a4 bxa4 5. Nc3 Qb6 6. Nxa4 Qd6 7. c4 g6 8. Nf3 Bg7 9. Qd3 O-O 10. e4 Ng4 11. Be2 Na6 12. O-O Nb4 13. Qd2 Qc7 14. Bf4 d6 15. h3 Nf6 16. e5 Ne4 17. Qe3 Nc2 18. Qxe4 Bf5 19. exd6 exd6 20. Qxf5 gxf5 21. Rac1 Nd4 22. Nxd4 Bxd4 23. Bd3 Qd7 24. Nc3 Bxc3 25. Rxc3 a5 26. Bc2 a4 27. Rf3 Kh8 28. Bg5 f6 29. Bxf5 Qg7 30. Bf4 Rg8 31. g3 Rad8 32. Ra1 Qb7 33. Bd2 Rgf8 34. Bc3 Ra8 35. Be6 Kg7 36. g4 h6 37. h4 a3 38. bxa3 Kh7 39. a4 Qb3 40. Kg2 Qxc4 41. Bxf6 Rxf6 42. Rxf6 Qe4+ 43. Kg3 Qd4 44. Rf7+ Kh8 45. Re1 c4 46. g5 c3 47. g6 Rg8 48. h5 c2 49. Rf4 Qg7 50. Rc1 Qb2 0-1


[Site "https://www.chess.com"]

[Event "Titled Tuesday Blitz November 15 Early 2022"]
[White "Ibarra Jerez, Jose Carlos"]
[Black "Perez Gormaz, Matias"]
[WhiteFideId "2226332"]
[BlackFideId "3406342"]
[WhiteElo "2638"]
[BlackElo "2341"]
[Result "1-0"]
[Round "05"]
[TimeControl "180+1"]
[Date "2022.11.15"]
[WhiteClock "0:00:05"]
[BlackClock "0:00:01"]

1. e4 e5 2. Nf3 Nc6 3. d4 exd4 4. Nxd4 Bb4+ 5. c3 Bc5 6. Be3 Bb6 7. Nf5 g6 8. Bxb6 axb6 9. Ne3 Nf6 10. f3 Qe7 11. c4 Qb4+ 12. Qd2 Qxd2+ 13. Kxd2 d6 14. Nc3 Be6 15. Bd3 Nd7 16. b3 Nc5 17. Bc2 Kd7 18. a3 Kd8 19. b4 Nd7 20. f4 f6 21. g3 Re8 22. h4 h5 23. Rhf1 Nd4 24. Bd1 c5 25. b5 f5 26. exf5 Nxf5 27. Nxf5 Bxf5 28. Bf3 Kc7 29. Nd5+ Kb8 30. a4 Re6 31. Rfe1 Rxe1 32. Kxe1 Ka7 33. Kd2 Re8 34. a5 bxa5 35. Rxa5+ Kb8 36. b6 Re6 37. Ra3 Re8 38. Be2 Rd8 39. Ra1 Be4 40. Nc3 Bc6 41. Rb1 Re8 42. Bd3 Rg8 43. Be4 Nf8 44. Bd5 Rg7 45. Ne4 Bxd5 46. cxd5 Rd7 47. Nf6 Rd8 48. Re1 Kc8 49. Re7 Nd7 50. Nxd7 Rxd7 51. Re6 Re7 52. Rxe7 1-0


[Site "https://www.chess.com"]

[Event "Titled Tuesday Blitz November 15 Early 2022"]
[White "Ince, Taylan Ruzgar"]
[Black "Grandelius, Nils"]
[WhiteFideId "44513089"]
[BlackFideId "1710400"]
[WhiteElo "2147"]
[BlackElo "2617"]
[Result "0-1"]
[Round "05"]
[TimeControl "180+1"]
[Date "2022.11.15"]
[WhiteClock "0:00:02"]
[BlackClock "0:00:20"]

1. Nf3 c5 2. c4 b6 3. g3 Bb7 4. Bg2 g6 5. O-O Bg7 6. Nc3 Nf6 7. d4 cxd4 8. Nxd4 Bxg2 9. Kxg2 O-O 10. e4 d6 11. b3 a6 12. Bb2 Re8 13. f3 Nbd7 14. Qe2 e6 15. f4 e5 16. fxe5 Nxe5 17. Rad1 Qe7 18. h3 h5 19. Nc2 Ned7 20. Rde1 Nc5 21. Nb4 Nfxe4 22. Nbd5 Qg5 23. Qf3 f5 24. Nxe4 Rxe4 25. Bxg7 Qd2+ 26. Rf2 Qxe1 27. Bc3 Qb1 28. Nf6+ Kf7 29. Nxe4 Qxe4 30. Qxe4 Nxe4 31. Rc2 Rc8 32. Bd4 b5 33. Kf3 bxc4 34. Ke3 d5 35. g4 hxg4 36. hxg4 Ke6 37. gxf5+ Kxf5 38. Rc1 g5 39. Rf1+ Kg6 40. bxc4 Rxc4 41. Be5 Ra4 42. Ra1 Kf5 43. Bh8 g4 44. a3 g3 45. Kf3 Rc4 46. a4 Rc2 47. Ke3 Rh2 48. Bd4 g2 0-1


[Site "https://www.chess.com"]

[Event "Titled Tuesday Blitz November 15 Early 2022"]
[White "Indjic, Aleksandar"]
[Black "Nakamura, Hikaru"]
[WhiteFideId "911925"]
[BlackFideId "2016192"]
[WhiteElo "2592"]
[BlackElo "2909"]
[Result "0-1"]
[Round "05"]
[TimeControl "180+1"]
[Date "2022.11.15"]
[WhiteClock "0:00:06"]
[BlackClock "0:00:56"]

1. d4 Nf6 2. c4 c5 3. d5 g6 4. Nc3 Bg7 5. e4 d6 6. Nf3 O-O 7. h3 e5 8. g4 Ne8 9. Bd3 Nc7 10. Rg1 Nd7 11. Be3 b5 12. cxb5 a6 13. a4 axb5 14. axb5 Rb8 15. Nd2 Nb6 16. b3 Bd7 17. Qc2 Nc8 18. Ke2 Nxb5 19. Nxb5 Bxb5 20. Bxb5 Rxb5 21. Nc4 Bf6 22. g5 Be7 23. Ra8 Qd7 24. Rg3 Nb6 25. Rxf8+ Kxf8 26. Bd2 Na8 27. h4 Nc7 28. Qa2 Rb7 29. f4 exf4 30. Qa1 Kg8 31. Bxf4 Nb5 32. Be3 Ra7 33. Qh1 Bf8 34. h5 Bg7 35. hxg6 hxg6 36. Qh4 Ra2+ 37. Kf3 Nd4+ 38. Bxd4 Bxd4 39. Rh3 Rf2+ 40. Kg3 Rc2 41. Qh7+ Kf8 42. e5 Rc3+ 43. Kg2 Qg4+ 0-1


[Site "https://www.chess.com"]

[Event "Titled Tuesday Blitz November 15 Early 2022"]
[White "Iturrizaga Bonelli, Eduardo"]
[Black "Ambartsumova, Karina"]
[WhiteFideId "3901211"]
[BlackFideId "4166299"]
[WhiteElo "2637"]
[BlackElo "2319"]
[Result "1-0"]
[Round "05"]
[TimeControl "180+1"]
[Date "2022.11.16"]
[WhiteClock "0:02:22"]
[BlackClock "0:00:07"]

1. c4 e6 2. Nf3 Nf6 3. e3 d5 4. b3 Be7 5. Bb2 b6 6. cxd5 exd5 7. g3 c5 8. Bg2 O-O 9. O-O Nc6 10. d4 Bg4 11. h3 Bh5 12. g4 Bg6 13. Nc3 Rc8 14. Rc1 cxd4 15. Nxd4 Nxd4 16. Qxd4 Bc5 17. Qa4 d4 18. Rcd1 dxc3 19. Rxd8 cxb2 20. Rdd1 Rfd8 21. e4 Rxd1 22. Rxd1 Bxf2+ 23. Kxf2 1-0


[Site "https://www.chess.com"]

[Event "Titled Tuesday Blitz November 15 Early 2022"]
[White "Izuzquiza Gonzalez, Javier"]
[Black "Desideri, Ricardo Maruchi"]
[WhiteFideId "3101029"]
[BlackFideId "2110440"]
[WhiteElo "2034"]
[BlackElo "1945"]
[Result "1-0"]
[Round "05"]
[TimeControl "180+1"]
[Date "2022.11.16"]
[WhiteClock "0:00:36"]
[BlackClock "0:00:14"]

1. d4 Nf6 2. c4 c5 3. d5 e6 4. Nc3 exd5 5. cxd5 d6 6. Nf3 g6 7. g3 Bg7 8. Bg2 O-O 9. O-O a6 10. a4 Nbd7 11. Nd2 Re8 12. Nc4 Nb6 13. Na3 Nbd7 14. Bf4 Ne5 15. h3 Nfd7 16. Qd2 f5 17. Bg5 Qa5 18. f4 Nf7 19. Nc4 Qc7 20. Bh4 Nb6 21. Na3 c4 22. Rac1 Bd7 23. e4 Nxa4 24. Nxa4 Bxa4 25. Rxc4 Qb6+ 26. Kh2 Bb5 27. Nxb5 axb5 28. Rb4 Ra4 29. exf5 Rxb4 30. Qxb4 gxf5 31. Re1 Rxe1 32. Qxe1 Bxb2 33. Qe6 Bg7 34. Qxf5 b4 35. Be4 h6 36. Qc8+ Bf8 37. Be7 Qf2+ 38. Bg2 1-0


[Site "https://www.chess.com"]

[Event "Titled Tuesday Blitz November 15 Early 2022"]
[White "Janaszak, Dawid"]
[Black "Rakhmanov, Aleksandr"]
[WhiteFideId "1119206"]
[BlackFideId "4173708"]
[WhiteElo "2226"]
[BlackElo "2530"]
[Result "1-0"]
[Round "05"]
[TimeControl "180+1"]
[Date "2022.11.16"]
[WhiteClock "0:00:09"]
[BlackClock "0:00:06"]

1. e4 c5 2. Nc3 Nf6 3. e5 Ng8 4. Bc4 Nc6 5. Nf3 e6 6. O-O a6 7. a4 d5 8. exd6 Bxd6 9. Ne4 Nf6 10. Nxd6+ Qxd6 11. b3 O-O 12. Bb2 e5 13. Re1 Bg4 14. h3 Bxf3 15. Qxf3 Rad8 16. Rad1 Rfe8 17. Qg3 Re7 18. Bc3 Nd4 19. Bxd4 cxd4 20. Re2 Qc5 21. Rde1 Rde8 22. Qh4 e4 23. d3 b5 24. axb5 axb5 25. b4 Qxb4 26. Bb3 exd3 27. Rxe7 Rxe7 28. Rxe7 Qxe7 29. cxd3 Qe1+ 30. Kh2 Qe5+ 31. f4 Qe3 32. Qg5 h6 33. Qxb5 Qxf4+ 34. Kh1 Qf1+ 35. Kh2 Qf4+ 36. Kh1 Qc7 37. Bc4 g6 38. Qb2 Qd7 39. Qb8+ Kg7 40. Qe5 h5 41. Bb3 Qb7 42. Bc4 Qb6 43. Kh2 h4 44. Kh1 Qa7 45. Kh2 Qd7 46. Kh1 Qd8 47. Kh2 Kg8 48. Qf4 Nh5 49. Qxf7+ Kh8 50. Qxg6 Qb8+ 51. Kg1 Qb1+ 52. Kh2 Qb8+ 53. Kg1 Qb1+ 54. Kf2 Qc2+ 55. Kf3 Qd1+ 56. Ke4 Ng3+ 57. Kd5 Qh5+ 58. Qxh5+ Nxh5 59. Kxd4 Nf4 60. Bd5 Kg7 61. Bf3 Kf6 62. Ke4 Ne6 63. d4 Kg5 64. d5 Nc5+ 65. Ke5 Nd3+ 66. Ke6 Nf4+ 67. Ke5 Ng6+ 68. Ke6 Nf4+ 69. Ke7 Nxd5+ 70. Bxd5 Kf4 71. Bf3 Kg3 72. Kf6 Kh2 73. Kg5 Kg1 74. Kxh4 1-0


[Site "https://www.chess.com"]

[Event "Titled Tuesday Blitz November 15 Early 2022"]
[White "Jarmula, Lukasz"]
[Black "Makridis, Dimitrios"]
[WhiteFideId "1160664"]
[BlackFideId "25864475"]
[WhiteElo "2670"]
[BlackElo "2844"]
[Result "1-0"]
[Round "05"]
[TimeControl "180+1"]
[Date "2022.11.16"]
[WhiteClock "0:01:45"]
[BlackClock "0:00:54"]

1. b3 Nc6 2. Bb2 e5 3. e3 Nf6 4. Nf3 Bd6 5. c4 O-O 6. Nc3 a6 7. a3 h6 8. Qc2 Re8 9. Ne4 Nxe4 10. Qxe4 Bf8 11. h4 d6 12. g4 Ne7 13. Qc2 Bxg4 14. Be2 f5 15. d3 g6 16. O-O-O Bg7 17. Nh2 Bxe2 18. Qxe2 Kh7 19. Nf3 Qd7 20. Rdg1 Rg8 21. Ng5+ Kh8 22. h5 Bf6 23. Nf7+ Kg7 24. hxg6 Nxg6 25. Nxh6 Rh8 26. Qh5 Qe8 27. Nxf5+ Kf8 28. Qxg6 Qxg6 29. Rxh8+ 1-0


[Site "https://www.chess.com"]

[Event "Titled Tuesday Blitz November 15 Early 2022"]
[White "Jiganchine, Roman"]
[Black "Skliarov, Viktor"]
[WhiteFideId "2603667"]
[BlackFideId "14106736"]
[WhiteElo "2319"]
[BlackElo "2284"]
[Result "0-1"]
[Round "05"]
[TimeControl "180+1"]
[Date "2022.11.16"]
[WhiteClock "0:00:14"]
[BlackClock "0:00:31"]

1. e4 c5 2. Nf3 Nc6 3. Bb5 e6 4. O-O Nge7 5. Re1 Nd4 6. Nc3 a6 7. Bf1 b5 8. Nxd4 cxd4 9. Ne2 Nc6 10. a4 b4 11. f4 d3 12. cxd3 Bc5+ 13. Kh1 Bf2 14. Ng1 Bxe1 15. Qxe1 d5 16. Nf3 O-O 17. b3 d4 18. Bb2 f6 19. Rc1 Bb7 20. Rxc6 Bxc6 21. Nxd4 Bd7 22. e5 f5 23. Be2 Rc8 24. Bf3 Qb6 25. h3 Bc6 26. Nxe6 Bxf3 27. Nxf8 Bd5 28. Nd7 Qg6 29. Qe2 Rc2 30. Bd4 Qg3 31. e6 Rc1+ 32. Bg1 Qxh3# 0-1


[Site "https://www.chess.com"]

[Event "Titled Tuesday Blitz November 15 Early 2022"]
[White "Jones, Gawain C B"]
[Black "Beerdsen, Thomas"]
[WhiteFideId "409561"]
[BlackFideId "1030108"]
[WhiteElo "2657"]
[BlackElo "2567"]
[Result "1-0"]
[Round "05"]
[TimeControl "180+1"]
[Date "2022.11.15"]
[WhiteClock "0:00:04"]
[BlackClock "0:00:03"]

1. e4 e5 2. Nf3 Nc6 3. Bc4 Nf6 4. d3 h6 5. Nc3 Bd6 6. h3 a6 7. a3 b5 8. Ba2 Bb7 9. Be3 Ne7 10. d4 Ng6 11. Qd3 O-O 12. O-O-O Qe7 13. Rhe1 b4 14. axb4 Bxb4 15. dxe5 Bxc3 16. Qxc3 Nxe4 17. Qd4 Rad8 18. Bd5 Bxd5 19. Qxd5 Ng5 20. Nxg5 hxg5 21. Bc5 d6 22. exd6 Qf6 23. d7 Rb8 24. Qd4 Qxd4 25. Rxd4 Rfd8 26. Red1 Rb5 27. b4 f6 28. c4 Rbb8 29. Kc2 Ne5 30. Kc3 Kf7 31. g3 Nc6 32. Re4 Ne5 33. f4 gxf4 34. gxf4 Nc6 35. h4 Rh8 36. f5 Ne5 37. Rd5 Rbd8 38. b5 axb5 39. cxb5 Rh5 40. Rf4 Rhh8 41. Rfd4 Nf3 42. Rd1 Rxh4 43. b6 cxb6 44. Bxb6 Rhh8 45. Bxd8 Rxd8 46. Re1 Ne5 47. Red1 Ke7 48. R1d4 Rxd7 49. Rxd7+ Nxd7 50. Kd3 Nf8 51. Ke4 g6 52. Rd1 Kf7 53. Ra1 gxf5+ 54. Kxf5 Ng6 55. Ra6 Ne7+ 56. Kg4 Kg7 57. Kh5 Kf7 58. Ra7 Ke6 59. Kh6 Nf5+ 60. Kg6 Nh4+ 61. Kh5 Nf3 62. Ra6+ Kf5 63. Kh6 Nd2 64. Ra5+ Kf4 65. Kg6 Ne4 66. Rf5+ Kg4 67. Rb5 Kf4 68. Rb4 f5 69. Ra4 Kg4 70. Kf7 Kf3 71. Ke6 f4 72. Ke5 Nd2 73. Rxf4+ Ke3 74. Rf8 Nf3+ 75. Kd5 Nd2 76. Ra8 Kd3 77. Ra3+ Ke2 78. Kd4 Nf3+ 79. Ke4 Nd2+ 80. Kf4 Kd1 81. Ra2 Ke2 82. Rb2 Kd3 83. Rb8 Nc4 84. Rd8+ Kc3 85. Ke4 Nd2+ 86. Ke3 Nc4+ 87. Ke2 Kb4 88. Rc8 Nd6 89. Rc6 Nb5 90. Kd3 Na7 91. Rc4+ Kb5 92. Rc1 Nc6 93. Rc3 Kb6 94. Ke4 Nb4 95. Kd4 Nc6+ 96. Kd5 Na7 97. Rc1 Nb5 98. Rc6+ Kb7 99. Kc5 Nc7 100. Rh6 Na6+ 101. Kd5 Nb4+ 102. Kc4 Nc6 103. Kc5 Na7 104. Rh7+ Ka6 105. Rg7 Nc8 106. Rc7 Na7 107. Rd7 Nc8 108. Rd8 Na7 109. Rb8 Ka5 110. Rb7 Ka6 111. Rb1 Nc8 112. Rb2 Ka7 113. Kc6 Ne7+ 114. Kd6 Nc8+ 115. Kc7 Ne7 116. Ra2# 1-0


[Site "https://www.chess.com"]

[Event "Titled Tuesday Blitz November 15 Early 2022"]
[White "Jumabayev, Rinat"]
[Black "Itgelt, Khuyagtsogt"]
[WhiteFideId "13702661"]
[BlackFideId "4902912"]
[WhiteElo "2854"]
[BlackElo "2673"]
[Result "1-0"]
[Round "05"]
[TimeControl "180+1"]
[Date "2022.11.16"]
[WhiteClock "0:00:48"]
[BlackClock "0:00:05"]

1. d4 Nf6 2. c4 e6 3. Nf3 d5 4. g3 Be7 5. Bg2 O-O 6. O-O dxc4 7. Qc2 b6 8. Ng5 c6 9. Rd1 h6 10. Nf3 b5 11. Ne5 Nd5 12. b3 cxb3 13. axb3 Bb7 14. Nc3 Nd7 15. Ne4 Nxe5 16. dxe5 Qc7 17. Bb2 c5 18. Rac1 Rfd8 19. Nd6 Bxd6 20. exd6 Rxd6 21. Be5 Rad8 22. Bxd6 Rxd6 23. Qxc5 Rc6 24. Qa3 b4 25. Qb2 Rc3 26. Bxd5 Bxd5 27. Rxc3 bxc3 28. Qc2 Qb6 29. Qxc3 Qxb3 30. Qxb3 Bxb3 31. Ra1 Bc4 32. Kf1 a6 33. Ke1 g5 34. Kd2 Bb5 35. e4 Kg7 36. Kc3 Kf6 37. Kd4 g4 38. Rc1 h5 39. Rc5 Kg6 40. Ke5 Bd3 41. Rc8 Kg7 42. Rd8 Bb5 43. Kd6 Kf6 44. Rh8 Kg6 45. Ke7 Bd3 46. Rg8+ Kh7 47. Kxf7 Bxe4 48. Rg5 Kh6 49. Kf6 Bf5 50. Rg8 Kh7 51. Ra8 Bd3 52. Kxe6 Kg6 53. Rg8+ Kh6 54. Kf6 Bb5 55. Rh8# 1-0


[Site "https://www.chess.com"]

[Event "Titled Tuesday Blitz November 15 Early 2022"]
[White "Kaidanov, Gregory"]
[Black "Santos Ruiz, Miguel"]
[WhiteFideId "2008564"]
[BlackFideId "22291482"]
[WhiteElo "2644"]
[BlackElo "2503"]
[Result "0-1"]
[Round "05"]
[TimeControl "180+1"]
[Date "2022.11.16"]
[WhiteClock "0:00:06"]
[BlackClock "0:00:10"]

1. d4 Nf6 2. c4 e6 3. Nc3 d5 4. Nf3 dxc4 5. e3 a6 6. Bxc4 b5 7. Be2 Bb7 8. O-O c5 9. dxc5 Bxc5 10. Qxd8+ Kxd8 11. b3 Ke7 12. Bb2 Nbd7 13. Rfd1 Rhc8 14. Rac1 Rc7 15. a4 b4 16. Nb1 Rac8 17. Nbd2 Ba7 18. a5 Rc2 19. Rxc2 Rxc2 20. Bd4 Bxd4 21. Nxd4 Ra2 22. Nc4 Nc5 23. Bf3 Bxf3 24. gxf3 Nd5 25. Rd2 Ra1+ 26. Kg2 f5 27. Nxf5+ exf5 28. Rxd5 Nxb3 29. Rxf5 Rc1 30. Rf4 Nc5 31. Nd2 Rc2 32. Nc4 b3 33. Na3 Ra2 34. Nc4 b2 35. Nd2 Ra4 36. Rxa4 Nxa4 37. Nb1 Kd6 38. Kf1 Kc5 39. e4 Kc4 40. e5 Nc3 41. e6 Nxb1 42. e7 Nd2+ 43. Kg2 b1=Q 44. e8=Q Qg6+ 0-1


[Site "https://www.chess.com"]

[Event "Titled Tuesday Blitz November 15 Early 2022"]
[White "Kamsky, Gata"]
[Black "Krzyzanowski, Marcin"]
[WhiteFideId "2000024"]
[BlackFideId "1132199"]
[WhiteElo "2666"]
[BlackElo "2435"]
[Result "1-0"]
[Round "05"]
[TimeControl "180+1"]
[Date "2022.11.15"]
[WhiteClock "0:00:36"]
[BlackClock "0:00:07"]

1. e4 d6 2. Bc4 Nf6 3. d3 c6 4. Nc3 d5 5. Bb3 g6 6. Nf3 Bg7 7. O-O O-O 8. h3 a5 9. a3 Na6 10. Ba2 dxe4 11. dxe4 Nc5 12. Qe2 Be6 13. Be3 Bxa2 14. Bxc5 Be6 15. Rfd1 Nd7 16. Ng5 Nxc5 17. Rxd8 Rfxd8 18. Rd1 h6 19. Nxe6 Nxe6 20. Rxd8+ Rxd8 21. e5 Nd4 22. Qe4 e6 23. Kf1 Bf8 24. Qd3 Be7 25. Ne4 Nf5 26. Qe2 Rd5 27. Nf6+ Bxf6 28. exf6 b5 29. c3 Kh7 30. g3 Nd6 31. Qe3 c5 32. Kg2 a4 33. h4 g5 34. h5 Nc4 35. Qe2 Kg8 36. Kg1 Re5 37. Qd3 Rd5 38. Qe2 Re5 39. Qc2 Re1+ 40. Kg2 Re5 41. b3 Nxa3 42. Qb2 axb3 43. Qxa3 c4 44. Qa8+ Kh7 45. Qf8 1-0


[Site "https://www.chess.com"]

[Event "Titled Tuesday Blitz November 15 Early 2022"]
[White "Kaplan, Avi Harrison"]
[Black "Ricaurte Lopez, Juan Carlos"]
[WhiteFideId "30934559"]
[BlackFideId "3600327"]
[WhiteElo "1983"]
[BlackElo "2209"]
[Result "1-0"]
[Round "05"]
[TimeControl "180+1"]
[Date "2022.11.16"]
[WhiteClock "0:00:41"]
[BlackClock "0:00:01"]

1. a3 e5 2. c4 Nf6 3. d3 c6 4. Nf3 e4 5. dxe4 Nxe4 6. Nbd2 f5 7. g3 Bc5 8. Nxe4 fxe4 9. Ng5 e3 10. f4 O-O 11. b4 Be7 12. Bxe3 Bxg5 13. fxg5 Qe7 14. Bc5 Qe5 15. Bxf8 Kxf8 16. Bg2 Qc3+ 17. Kf2 d5 18. Rf1 Be6 19. Kg1+ Ke7 20. cxd5 cxd5 21. Bxd5 Nc6 22. Bxe6 Kxe6 23. Rf3 Qe5 24. Rc1 Nd4 25. Rf2 Qe3 26. Rc4 Nc6 27. Kg2 Rd8 28. Qa1 Rd2 29. Qxg7 1-0


[Site "https://www.chess.com"]

[Event "Titled Tuesday Blitz November 15 Early 2022"]
[White "Kiseljova, Marya"]
[Black "Buscar, Michael"]
[WhiteFideId "4155009"]
[BlackFideId "2603616"]
[WhiteElo "1907"]
[BlackElo "2010"]
[Result "0-1"]
[Round "05"]
[TimeControl "180+1"]
[Date "2022.11.16"]
[WhiteClock "0:00:03"]
[BlackClock "0:00:07"]

1. d4 d5 2. c4 e6 3. Nf3 c5 4. g3 Nf6 5. Bg2 Nc6 6. O-O cxd4 7. Nxd4 Bc5 8. Nxc6 bxc6 9. Qa4 Bb7 10. cxd5 exd5 11. Nc3 O-O 12. Bg5 Be7 13. Rac1 Re8 14. Rfd1 Ne4 15. Bxe7 Nxc3 16. Rxc3 Qxe7 17. e3 Rac8 18. Bh3 Rc7 19. a3 c5 20. Rdc1 d4 21. exd4 Qe4 22. f3 Qe2 23. Qc2 Qe7 24. dxc5 Qe5 25. c6 Ba6 26. b4 Qd4+ 27. Kh1 Re2 28. Bf1 Rxc2 29. R3xc2 Bxf1 30. Rxf1 h5 31. Rfc1 Qd3 32. Rc3 Qd5 33. a4 h4 34. b5 hxg3 35. hxg3 Qd2 36. a5 Qd4 37. Rc5 Qb4 38. b6 axb6 39. axb6 Qxb6 40. Kg2 g6 41. Kf2 Kg7 42. Kg2 Ra7 43. R1c2 Rc7 44. Kf2 Rxc6 45. Kg2 Rxc5 46. Rxc5 Qxc5 0-1


[Site "https://www.chess.com"]